 Dungeon Crawl Stone Soup version 0.28.0-43-g3370ac3207 (webtiles) character file.

Game seed: 8932355545697932188

3404 pkoi the Grappler (level 9, -8/69 HPs)
             Began as a Green Draconian Transmuter on Mar 7, 2022.
             Was a Believer of Sif Muna.
             Mangled by a death knight
             ... wielding a +0 glaive
              (28 damage)
             ... on level 7 of the Dungeon.
             The game lasted 00:14:01 (11571 turns).

pkoi the Grappler (Green Draconian Transmuter)     Turns: 11571, Time: 00:14:02

Health: -8/69      AC:  2    Str: 12    XL:     9   Next: 75%
Magic:  10/13      EV: 23    Int: 19    God:    Sif Muna [**....]
Gold:   411        SH:  0    Dex: 16    Spells: 6/14 levels left

rFire   . . .      SeeInvis .     - Unarmed
rCold   . . .      Faith    .   (shield currently unavailable)
rNeg    . . .      Spirit   .   (armour unavailable)
rPois   x          Reflect  .   (helmet currently unavailable)
rElec   .          Harm     .   (cloak currently unavailable)
rCorr   .          Rampage  .   (gloves currently unavailable)
Will    .....                   (boots currently unavailable)
Stlth   +.........              v - amulet of regeneration
HPRegen 1.01/turn               s - +4 ring of evasion
MPRegen 0.13/turn               (no ring)

@: spider-form
A: venomous fangs, (breathe noxious fumes), AC +7, tiny, unfitting armour,
(poison resistance), (cold-blooded)
a: End Transformation, Renounce Religion, Channel Magic


You were on level 7 of the Dungeon.
You worshipped Sif Muna.
Sif Muna was pleased with you.
You were a venomous arachnid creature.
You visited 2 branches of the dungeon, and saw 9 of its levels.

You collected 411 gold pieces.

Inventory:

Hand Weapons
 o - a +1 vampiric dagger
Missiles
 p - a throwing net
Armour
 k - a +1 pair of gloves (melded)
 t - a scarf of invisibility (melded)
Jewellery
 s - a +4 ring of evasion (left front leg)
 v - an amulet of regeneration (around neck)
Wands
 q - a wand of polymorph (8)
 x - a wand of mindburst (12)
Scrolls
 b - 5 scrolls of teleportation
 m - a scroll of holy word
 r - a scroll of magic mapping
 u - a scroll of enchant weapon
 y - a scroll of amnesia {unknown}
Potions
 a - 6 potions of curing {unknown}
 c - 2 potions of brilliance {unknown}
 d - a potion of haste
 e - a potion of flight
 f - 3 potions of cancellation {unknown}
 g - a potion of berserk rage
 h - 2 potions of resistance
 i - a potion of heal wounds {unknown}
 j - 2 potions of magic {unknown}
 l - 3 potions of might {unknown}
 n - 2 potions of ambrosia {unknown}
 w - 2 potions of degeneration {unknown}
 z - a potion of attraction {unknown}
 A - a potion of mutation {unknown}


   Skills:
 - Level 3.0 Fighting
 - Level 1.7 Dodging
 * Level 10.7 Unarmed Combat
 - Level 3.0 Spellcasting
 + Level 5.6 Transmutations
 + Level 3.5 Ice Magic
 - Level 6.0 Poison Magic
 - Level 2.0 Invocations


You had 6 spell levels left.
You knew the following spells:

 Your Spells              Type           Power      Damage    Failure   Level
a - Beastly Appendage     Tmut           48%        N/A       7%          1
b - Spider Form           Tmut/Pois      25%        N/A       13%         3
c - Ice Form              Ice/Tmut       20%        N/A       43%         4

Your spell library contained the following spells:

 Spells                   Type           Power      Damage    Failure   Level
 Wereblood                Tmut           24%        N/A       9%          2
 Passwall                 Tmut/Erth      10%        N/A       19%         2
 Sandblast                Erth           4%         2d4       34%         1
 Sublimation of Blood     Necr           2%         N/A       43%         2
 Stone Arrow              Conj/Erth      4%         3d7       63%         3
 Petrify                  Tmut/Erth      13%        N/A       65%         4
 Irradiate                Conj/Tmut      6%         3d15      91%         5


Dungeon Overview and Level Annotations

Branches:
Dungeon (8/15)             Temple (1/1) D:5            Lair (0/6) D:8

Altars:
Ashenzari
Cheibriados
Dithmenos
Elyvilon
Fedhas
Gozag
Hepliaklqana
Kikubaaqudgha
Makhleb
Nemelex Xobeh
Qazlal
Ru
Sif Muna
Trog
Uskayaw
Vehumet
Wu Jian
Xom
Yredelemnul
Zin
The Shining One

Annotations:
D:7 2 runed translucent doors, Ekaitz's ghost, novice DsFE


Innate Abilities, Weirdness & Mutations

You are a venomous arachnid creature.
You have poisonous fangs.
You are tiny and dextrous.
Your spellcasting is less reliable in this form.
Your armour is entirely melded.
You are incapable of wielding weapons or throwing items.
((You can breathe blasts of noxious fumes.))
((Your lurid green scales are hard. (AC +7)))
You cannot fit into any form of body armour.
((Your system is resistant to poisons. (rPois)))
((You are cold-blooded and may be slowed by cold attacks.))


Message History

You climb downwards.
There is a stone staircase leading up here.
(D) Dungeon (T) Temple (L) Lair
Where to? (Enter - D:4, ? - help)
There is a stone staircase leading down here.
You climb downwards.
There is a stone staircase leading up here.
(D) Dungeon (T) Temple (L) Lair
Where to? (Enter - D:5, ? - help)
There is a stone staircase leading down here.
You climb downwards.
There is a stone staircase leading up here.
(D) Dungeon (T) Temple (L) Lair
Where to? (Enter - D:6, ? - help)
There is a stone staircase leading down here.
You climb downwards.
Level annotation: 2 runed translucent doors, Ekaitz's ghost, novice DsFE
There is a stone staircase leading up here.
(D) Dungeon (T) Temple (L) Lair
Where to? (Enter - D:7, ? - help)
Okay, then.
The death knight shouts!
A death knight is nearby!
A death knight is nearby!
Casting: Spider Form (dangerous; 4% risk of failure)
Confirm with . or Enter, or press ? or * to list all spells.
You turn into a venomous arachnid creature.
Your scarf of invisibility melds into your body.
Your +1 pair of gloves melds into your body.
The orc shouts!
The death knight closely misses you.
The death knight hits you with a +0 glaive!!
* * * LOW HITPOINT WARNING * * *
You barely miss the death knight.
The death knight hits you with a +0 glaive!!
* * * LOW HITPOINT WARNING * * *
You hit the death knight but do no damage.
The death knight is poisoned.
The death knight hits you with a +0 glaive!!
You die...

#### #...+W#... # #...
#...#.#.. ## ####...
#...#..##. #.
......####...#o.#8. ##. .
.............#.o##. #.. #.
#..........#oo... #.# #.#
#.........8########.#
#..##...#...#............
#..!..ps............#.##
##......##..#....##.....
#....(<..........#.....
####...>..................
.........####...).........
..........................
....).(..#................
.........#...##...........
.............##.####.####.


You could see a death knight (very poisoned).

Vanquished Creatures
  A komodo dragon (D:6)
  A troll (D:6)
  Grinder (D:3)
  A water moccasin (D:7)
  An orc warrior (D:6)
  2 sky beasts (D:6)
  3 ice beasts
  2 black bears (D:6)
  2 ogres
  2 centaurs (D:7)
  A phantom (D:5)
  A bullfrog (D:6)
  2 gnoll sergeants
  A kobold brigand (D:8)
  2 scorpions
  A water moccasin zombie (D:6)
  A howler monkey (D:5)
  A centaur zombie (D:5)
  A bullfrog zombie (D:6)
  2 bullfrog skeletons
  2 hounds (D:6)
  4 orc priests
  2 jellies
  Terence (D:3)
  Jessica (D:3)
  Ijyb (D:3)
  5 iguanas
  6 orc wizards
  A hound zombie (D:5)
  12 gnolls
  A howler monkey skeleton (D:6)
  4 adders
  A river rat (D:8)
  4 white imps
  A worm (D:4)
  2 dart slugs
  23 orcs
  11 endoplasms
  3 goblins
  4 hobgoblins
  8 jackals
  10 kobolds
  4 quokkas
  8 ball pythons
  3 bats
  A frilled lizard (D:3)
  5 rats
157 creatures vanquished.

Notes
Turn   | Place    | Note
-------+----------+-------------------------------------------
     0 | D:1      | pkoi the Draconian Transmuter began the quest for the Orb.
     0 | D:1      | Reached XP level 1. HP: 16/16 MP: 3/3
     4 | D:1      | Found a faded altar of an unknown god.
   494 | D:1      | Reached XP level 2. HP: 16/23 MP: 5/5
  1276 | D:1      | Reached skill level 4 in Unarmed Combat
  1823 | D:2      | Reached XP level 3. HP: 28/28 MP: 6/6
  2315 | D:3      | Reached XP level 4. HP: 8/35 MP: 7/7
  2704 | D:3      | Noticed Terence
  2868 | D:2      | Reached skill level 5 in Unarmed Combat
  3267 | D:3      | Noticed Jessica
  3267 | D:3      | Noticed Ijyb
  3288 | D:3      | Killed Ijyb
  3289 | D:3      | Reached XP level 5. HP: 29/40 MP: 8/8
  3292 | D:3      | Killed Jessica
  3293 | D:3      | Reached skill level 6 in Unarmed Combat
  3711 | D:3      | Noticed Grinder
  4131 | D:4      | Noticed an ogre
  4156 | D:4      | Killed an ogre
  4157 | D:4      | Reached XP level 6. HP: 48/48 MP: 9/9
  4467 | D:5      | Entered Level 5 of the Dungeon
  5062 | D:5      | Reached skill level 7 in Unarmed Combat
  5211 | D:5      | Your scales start taking on a lurid green colour.
  5211 | D:5      | Reached XP level 7. HP: 34/57 MP: 10/10
  5211 | D:5      | Gained mutation: Your system is resistant to poisons.
                  | (rPois) [Green Draconian growth]
  5570 | D:5      | Learned a level 3 spell: Spider Form
  5615 | D:5      | Reached skill level 1 in Poison Magic
  5924 | D:5      | Reached skill level 8 in Unarmed Combat
  5924 | D:5      | Found a staircase to the Ecumenical Temple.
  6067 | Temple   | Entered the Ecumenical Temple
  6627 | Temple   | Became a worshipper of Sif Muna the Loreminder
  7132 | D:6      | Reached skill level 1 in Invocations
  7256 | D:6      | Reached XP level 8. HP: 44/63 MP: 12/12
  8047 | D:6      | Reached * piety under Sif Muna
  8048 | D:6      | Reached skill level 9 in Unarmed Combat
  8375 | D:6      | Learned a level 4 spell: Ice Form
  8668 | D:7      | Reached skill level 1 in Ice Magic
  8788 | D:7      | Noticed a troll
  8803 | D:7      | Noticed a gargoyle
  8836 | D:6      | Killed a troll
  8837 | D:6      | Reached XP level 9. HP: 28/69 MP: 13/13
  9284 | D:7      | Reached skill level 5 in Poison Magic
  9338 | D:7      | Reached skill level 10 in Unarmed Combat
  9339 | D:7      | Noticed a death knight
  9340 | D:7      | Noticed a komodo dragon
  9974 | D:6      | Killed a komodo dragon
  9975 | D:6      | Reached skill level 5 in Transmutations
 10647 | D:8      | Found a staircase to the Lair.
 10648 | D:8      | Noticed a death yak
 10648 | D:8      | Noticed a death yak
 10648 | D:8      | Noticed a death yak
 10661 | D:8      | Reached ** piety under Sif Muna
 10845 | D:7      | Found a runed translucent gate.
 10846 | D:7      | Found a runed translucent gate.
 10846 | D:7      | Identified the +7 chain mail "Ysuum" {Rampage MP+9}
 10856 | D:7      | Noticed Ekaitz's ghost (novice DsFE)
 11027 | D:3      | Killed Grinder
 11456 | D:3      | Killed Terence
 11571 | D:7      | Mangled by a death knight

Illustrated notes

Levels and vault maps discovered:
D:1:      minmay_arrival_diagonal_passages, layout_loops_ring,
          chequers_ecumenical_altar_simple_redux, serial_bayou_ford_a
D:2:      layout_basic
D:3:      layout_loops_ring, uniq_terence, uniq_jessica, uniq_grinder, uniq_ijyb
D:4:      layout_cave_pools
D:5:      layout_rooms, temple_statues
D:6:      layout_basic, bh_walls_and_bars
D:7:      minmay_blocky_corners, layout_rooms, lemuel_round_altar,
          biasface_ghost_orc_armoury
D:8:      layout_loops_ring, dpeg_lair_monsters, uniq_erica, uniq_harold
Temple:   mainiacjoe_temple_starburst

Skill      XL: |  1  2  3  4  5  6  7  8  9 |
---------------+----------------------------+-----
Unarmed Combat | 4 5 6 7 8 9 10 | 10.7
Fighting       | 2 3 |  3.0
Poison Magic   | 2 4 6 |  6.0
Invocations    | 1 2 |  2.0
Transmutations | 4 5 |  5.6
Spellcasting   | 3 |  3.0
Ice Magic      | 1 3 |  3.5
Dodging        | |  1.7

Action                   |  1- 3 |  4- 6 |  7- 9 || total
-------------------------+-------+-------+-------++-------
Melee: Unarmed           |   135 |   174 |   406 ||   715
       Tailslap          |    15 |    21 |    75 ||   111
       Punch             |       |    10 |    31 ||    41
 Cast: Spider Form       |       |       |     4 ||     4
 Abil: Breathe Noxious F |       |       |    14 ||    14
  Use: Scroll            |       |     7 |     5 ||    12
 Stab: Confused          |       |     1 |    11 ||    12
       Sleeping          |       |       |     1 ||     1
Armor: Skin              |    27 |    47 |    92 ||   166
Dodge: Dodged            |    70 |   132 |   282 ||   484
